 Dungeon Crawl Stone Soup version 0.24-a0-458-gfcb5e6da0e (webtiles) character file.

Game seed: 7770265028513322978

3419 Krouwed the Merchant of Misery (level 10, 0/78 (79) HPs)
             Began as a Human Necromancer on June 26, 2019.
             Was a Believer of Kikubaaqudgha.
             Succumbed to Erica's bolt of poison
             ... on level 8 of the Dungeon on June 27, 2019.
             The game lasted 00:30:04 (6736 turns).

Krouwed the Merchant of Misery (Human Necromancer)  Turns: 6736, Time: 00:30:07

HP:   0/78 (79)     AC: 11    Str: 14    XL:     10   Next: 25%
MP:   20/20         EV: 15    Int: 21    God:    Kikubaaqudgha [**....]
Gold: 131           SH:  5    Dex: 14    Spells: 12/23 levels left

rFire    . . .     SeeInvis .   r - +1 hand axe (venom)
rCold    . . .     Gourm    .   B - +1 buckler {rN+}
rNeg     + . .     Faith    .   A - +6 leather armour of Tinu Ged {Int+4}
rPois    .         Spirit   .   (no helmet)
rElec    .         Reflect  .   (no cloak)
rCorr    .         Harm     .   l - +1 pair of gloves
MR       .....                  (no boots)
Stlth    ++........             g - amulet of regeneration
HPRegen  0.63/turn              f - +4 ring of evasion
MPRegen  0.17/turn              z - +4 ring of strength

@: lethally poisoned (0 -> -1)
A: no striking features
a: Receive Corpses, Renounce Religion


You were on level 8 of the Dungeon.
You worshipped Kikubaaqudgha.
Kikubaaqudgha was pleased with you.
You were not hungry.

You visited 2 branches of the dungeon, and saw 9 of its levels.

You collected 333 gold pieces.
You spent 202 gold pieces at shops.

Inventory:

Hand Weapons
 j - a +1 short sword of speed
 r - a +1 hand axe of venom (weapon)
Armour
 e - a +0 ring mail
 l - a +1 pair of gloves (worn)
 m - a +0 leather armour of cold resistance
 A - the +6 leather armour of Tinu Ged (worn) {Int+4}
   (You found it on level 7 of the Dungeon)

   It affects your intelligence (+4).
 B - a +1 buckler of positive energy (worn)
Jewellery
 f - a +4 ring of evasion (left hand)
 g - an amulet of regeneration (around neck)
 w - an uncursed amulet of magic regeneration {unknown}
 z - a +4 ring of strength (right hand)
Wands
 u - a wand of random effects (20)
 x - a wand of acid (19)
Scrolls
 b - 3 scrolls of enchant armour
 h - 2 scrolls of remove curse
 k - 2 scrolls of fear {unknown}
 q - 4 scrolls of teleportation {unknown}
 s - a scroll of blinking {unknown}
 v - 2 scrolls of enchant weapon {unknown}
Potions
 a - a potion of flight
 d - a potion of invisibility
 i - a potion of resistance
 n - 2 potions of curing
 t - a potion of heal wounds {unknown}
 C - a potion of mutation {unknown}
Comestibles
 c - 7 rations
 D - 7 chunks of flesh


   Skills:
 + Level 7.2 Fighting
 - Level 2.0 Dodging
 - Level 2.0 Stealth
 + Level 1.8 Shields
 + Level 7.1 Spellcasting
 + Level 9.8 Necromancy


You had 12 spell levels left.
You knew the following spells:

 Your Spells              Type           Power        Failure   Level  Hunger
a - Pain                  Necr           ####         1%          1    None
b - Animate Skeleton      Necr           N/A          1%          1    None
c - Vampiric Draining     Necr           #####.....   1%          3    None
d - Animate Dead          Necr           N/A          2%          4    ###....
e - Corpse Rot            Necr           N/A          1%          2    None

Your spell library contained the following spells:

 Spells                   Type           Power        Failure   Level  Hunger
 Sublimation of Blood     Necr           #####.....   1%          2    None
 Regeneration             Chrm/Necr      ####......   6%          3    None


Dungeon Overview and Level Annotations

Branches:
Dungeon (8/15)             Temple (1/1) D:4
   Lair: D:8-11

Altars:
Ashenzari
Cheibriados
Dithmenos
Elyvilon
Fedhas
Gozag
Hepliaklqana
Kikubaaqudgha
Makhleb
Nemelex Xobeh
Okawaru
Qazlal
Ru
Uskayaw
Vehumet
Xom
Yredelemnul
Zin
The Shining One

Shops:
D:7 [

Annotations:
D:8 Erica


Message History

Your +1 pair of gloves melds into your body.
The +6 leather armour of Tinu Ged {Int+4} melds into your body.
Your roots penetrate the ground.
* * * LOW HITPOINT WARNING * * *
You feel sick.
You hear a zap.
You suddenly lose the ability to move!
You hear a zap.
Something tries to affect you, but you resist.
* * * LOW HITPOINT WARNING * * *
You feel sick. Something hits you but does no damage.
You can move again.
It was a potion of cancellation.
Your magical effects are unravelling.
You feel magically purged.
You feel less wooden.
Your +1 pair of gloves unmelds from your body.
The +6 leather armour of Tinu Ged {Int+4} unmelds from your body.
You die...
Kikubaaqudgha rasps: "You have failed me!
Welcome... death!"

#Z#
###.###
#.....#
#.###Z#
#.# #.#
#.###.#
#.....#
###.###
#@# #{#
#)# #)#
#)# #.#
..#
#.## #.


There were no monsters in sight!

Vanquished Creatures
  Pikel (D:5)
  A hippogriff (D:8)
  Eustachio (D:6)
  Menkaure (D:7)
  2 orc warriors
  A sky beast (D:5)
  An ice beast (D:7)
  3 slaves
  4 ogres
  A phantom (D:4)
  4 centaurs
  Blork the orc (D:6)
  2 bullfrogs (D:7)
  A water moccasin skeleton (D:6)
  6 wights
  A howler monkey (D:4)
  A crimson imp (D:6)
  A jelly (D:6)
  2 hounds
  A centaur skeleton (D:4)
  2 orc priests
  10 orc wizards
  2 worker ants
  7 gnolls
  7 adders
  A shadow imp (D:7)
  A worm (D:3)
  4 dart slugs
  4 leopard geckos
  19 orcs
  A ball python (D:5)
  9 bats
  2 giant cockroaches
  15 goblins
  9 hobgoblins
  4 jackals
  8 kobolds
  2 quokkas
  8 frilled lizards
  5 rats
156 creatures vanquished.

Vanquished Creatures (collateral kills)
  A phantom (D:7)
  A slave (D:5)
  A necrophage (D:6)
  An orc priest (D:5)
  A hound (D:5)
  A bullfrog skeleton (D:7)
  A worker ant (D:6)
  A gnoll (D:7)
  2 adders
  5 orcs
  A hobgoblin (D:1)
  2 jackals (D:5)
  2 quokkas
  2 bats
  A frilled lizard (D:3)
  2 kobolds (D:2)
25 creatures vanquished.

Grand Total: 181 creatures vanquished

Notes
Turn   | Place    | Note
-------+----------+-------------------------------------------
     0 | D:1      | Krouwed the Human Necromancer began the quest for the Orb.
     0 | D:1      | Reached XP level 1. HP: 13/13 MP: 3/3
    75 | D:1      | Learned a level 1 spell: Animate Skeleton
   186 | D:1      | Reached XP level 2. HP: 19/19 MP: 3/5
   543 | D:1      | Found a snail-covered altar of Cheibriados.
   655 | D:1      | Reached XP level 3. HP: 20/24 MP: 2/6
   963 | D:2      | Learned a level 3 spell: Vampiric Draining
  1116 | D:2      | Reached skill level 5 in Necromancy
  1246 | D:2      | Reached XP level 4. HP: 30/30 MP: 4/7
  1794 | D:2      | Found a stormy altar of Qazlal.
  2071 | D:2      | Reached skill level 6 in Necromancy
  2071 | D:2      | Reached XP level 5. HP: 28/35 MP: 1/8
  2340 | D:3      | Found an iron altar of Okawaru.
  2420 | D:3      | Found a shadowy altar of Dithmenos.
  2750 | D:3      | Reached XP level 6. HP: 40/42 MP: 9/9
  2759 | D:3      | Reached skill level 1 in Fighting
  2811 | D:4      | Learned a level 4 spell: Animate Dead
  3006 | D:4      | Found an opulent altar of Gozag.
  3084 | D:4      | Reached XP level 7. HP: 45/50 MP: 11/11
  3352 | D:4      | Found a staircase to the Ecumenical Temple.
  3371 | Temple   | Entered the Ecumenical Temple
  3545 | Temple   | Became a worshipper of Kikubaaqudgha
  3598 | D:4      | Reached skill level 7 in Necromancy
  3974 | D:5      | Entered Level 5 of the Dungeon
  4166 | D:5      | Found a burning altar of Makhleb.
  4169 | D:5      | Found a snail-covered altar of Cheibriados.
  4178 | D:5      | Reached XP level 8. HP: 56/58 MP: 10/14
  4200 | D:5      | Reached * piety under Kikubaaqudgha
  4200 | D:5      | Identified Kikubaaqudgha's Volume of Darkness
                  | (Kikubaaqudgha gifted it to you on level 5 of the Dungeon)
  4200 | D:5      | Received a gift from Kikubaaqudgha
  4247 | D:5      | Learned a level 2 spell: Corpse Rot
  4327 | D:5      | Noticed Pikel
  4342 | D:5      | Killed Pikel
  4342 | D:5      | Reached skill level 5 in Spellcasting
  4342 | D:5      | Reached skill level 8 in Necromancy
  4565 | D:5      | Reached XP level 9. HP: 67/67 MP: 16/16
  4595 | D:5      | Reached skill level 5 in Fighting
  4828 | D:5      | Found a blossoming altar of Fedhas.
  4970 | D:6      | Noticed Blork the orc
  4981 | D:6      | Killed Blork the orc
  5170 | D:6      | Found an opulent altar of Gozag.
  5174 | D:6      | Noticed Eustachio
  5220 | D:6      | Killed Eustachio
  5250 | D:6      | Found a shattered altar of Ashenzari.
  5394 | D:6      | Reached skill level 9 in Necromancy
  5663 | D:6      | Got a blackened leather armour
  5674 | D:6      | Identified the cursed +0 leather armour "Doakunic" {Stlth+}
                  | (You found it on level 6 of the Dungeon)
  5833 | D:7      | Noticed Menkaure
  5839 | D:7      | Killed Menkaure
  5852 | D:7      | Found an ancient bone altar of Kikubaaqudgha.
  5998 | D:7      | Reached XP level 10. HP: 73/76 MP: 18/20
  6032 | D:7      | Reached ** piety under Kikubaaqudgha
  6081 | D:7      | Found Apifariz's Antique Armour Shop.
  6087 | D:7      | Got a twisted leather armour
  6098 | D:7      | Identified the +6 leather armour of Tinu Ged {Int+4} (You
                  | found it on level 7 of the Dungeon)
  6114 | D:7      | Bought a glowing buckler for 202 gold pieces
  6169 | D:7      | Found a glowing silver altar of Zin.
  6184 | D:7      | Found a hazy altar of Hepliaklqana.
  6554 | D:8      | Reached skill level 1 in Shields
  6703 | D:8      | Noticed Erica
  6727 | D:8      | Paralysed by something for 4 turns
  6732 | D:8      | HP: 3/78 [something (4)]
  6732 | D:8      | HP: 1/78 [something (2)]
  6733 | D:8      | Paralysed by something for 3 turns
  6736 | D:8      | Succumbed to Erica's bolt of poison

Levels and vault maps discovered:
D:1:      nagdon_arrival_double_spiral, layout_basic, minmay_tree_intersection,
          cheibriados_altar_1
D:2:      layout_basic, lemuel_round_altar, minmay_pentomino_t2
D:3:      layout_basic, okawaru_ov_weapons_minmay,
          nicolae_dithmenos_shadow_blocks, first_ration
D:4:      layout_basic, nicolae_gozag_cash_rules_everything_around_me,
          minmay_temple_entry_butterflies
D:5:      layout_basic, nicolae_overflow_hidden_temple,
          grunt_temple_overflow_open, minmay_misc_feat_more_columns,
          minmay_misc_feat_enclosed, minmay_ogre_servants, uniq_pikel
D:6:      layout_basic, old_standard_altar, basic_altar, uniq_eustachio,
          uniq_blork_the_orc
D:7:      layout_rooms, kennysheep_little_box, zin_statuary, serial_shops,
          nicolae_shop_stone, basic_altar, uniq_menkaure
D:8:      layout_loops_ring, biasface_ghost_orc_armoury, uniq_erica
Temple:   grunt_temple_mini_profane

Skill      XL: |  1  2  3  4  5  6  7  8  9 10 |
---------------+-------------------------------+-----
Necromancy     | 5 6 7 8 9 |  9.8
Fighting       | 2 3 4 6 7 |  7.2
Spellcasting   | 3 4 5 6 7 |  7.1
Shields        | 1 |  1.8
Dodging        | |  2.0
Stealth        | |  2.0

Action                   |  1- 3 |  4- 6 |  7- 9 | 10-12 || total
-------------------------+-------+-------+-------+-------++-------
Melee: Dagger            |    73 |       |       |       ||    73
       Short sword       |     4 |   141 |    41 |    43 ||   229
       Hand axe          |       |    88 |   312 |    49 ||   449
 Cast: Pain              |    26 |     9 |     3 |     8 ||    46
       Animate Skeleton  |    11 |    17 |    11 |       ||    39
       Vampiric Draining |     2 |     6 |     7 |     4 ||    19
       Animate Dead      |       |     2 |    13 |     6 ||    21
Evoke: Wand              |       |       |     2 |     1 ||     3
  Use: Scroll            |     4 |     1 |     5 |     1 ||    11
       Potion            |       |       |     3 |     2 ||     5
 Stab: Sleeping          |     3 |     5 |     1 |       ||     9
       Distracted        |       |     1 |       |       ||     1
  Eat: Chunk             |     2 |     8 |    14 |     1 ||    25
       Ration            |       |       |       |     1 ||     1
Armor: Robe              |    15 |    17 |       |       ||    32
       Leather armour    |       |    20 |    43 |    27 ||    90
       Skin              |       |       |       |     1 ||     1
Dodge: Dodged            |    84 |   151 |   265 |    74 ||   574
Block: Buckler           |       |       |       |    12 ||    12

Table legend:
 A = Non-vault XP
 B = Vault XP
 C = Vault XP percentage of total XP
 D = Non-vault monster count
 E = Vault monster count
 F = Vault count percentage of total count
                 A         B        C        D         E       F
            +---------+---------+-------+---------+---------+-------
      Total |    3733 |    1152 |  23.6 |     162 |      15 |   8.5
            +---------+---------+-------+---------+---------+-------
        D:1 |      30 |       0 |   0.0 |      20 |       0 |   0.0
        D:2 |     101 |      14 |  12.2 |      26 |       2 |   7.1
        D:3 |     161 |       0 |   0.0 |      32 |       0 |   0.0
        D:4 |     539 |       0 |   0.0 |      24 |       0 |   0.0
        D:5 |     484 |     690 |  58.8 |      14 |      10 |  41.7
        D:6 |     957 |     273 |  22.2 |      17 |       2 |  10.5
        D:7 |     963 |     175 |  15.4 |      21 |       1 |   4.5
        D:8 |     498 |       0 |   0.0 |       8 |       0 |   0.0
            +---------+---------+-------+---------+---------+-------
